Map: Cerulean Fall LE

Players

Digitalhelix - Winner!

  • Race: Protoss Protoss
  • Spawn Location: 7:00

Kryll

  • Race: Zerg Zerg
  • League: Diamond
  • Spawn Location: 1:00

VOD

Have the link to the VOD?

Description

Time

  • Played on: Sept. 2, 2018, 11:25 p.m.
  • Length: 22:47
Show
View Real Time Build Order
Export as new Build Order

Digitalhelix Protoss - Winner!

Build Orders: 1 Gate Expand, Double Forge, Zealot Archon 

Get SALT Encoding   

  12  0:01  Probe  
  13  0:13  Probe  
  14  0:25  Probe  
  14  0:26  Pylon  
  15  0:42  Probe  
  15  0:45  Gateway  
  16  0:50  Probe  
  17  0:58  Assimilator, Probe  
  18  1:11  Probe  
  19  1:26  Nexus  
  19  1:36  Probe  
  20  1:48  Cybernetics Core, Probe  
  21  2:00  Probe  
  22  2:14  Gateway  
  22  2:16  Pylon  
  22  2:18  Probe  
  22  2:22  Assimilator  
  23  2:26  Pylon  
  23  2:29  Warp Gate  
  23  2:34  Stalker, Probe  
  26  2:41  Probe  
  27  2:47  Probe  
  28  2:55  Probe  
  29  2:59  Probe  
  30  3:06  Twilight Council  
  30  3:07  Probe  
  31  3:20  Probe x2  
  33  3:28  Probe x2  
  33  3:34  Adept x2  
  37  3:38  Probe x2  
  41  3:41  Robotics Facility  
  41  3:50  Probe  
  41  3:51  Assimilator  
  41  3:54  Assimilator  
  42  3:56  Probe  
  42  4:02  Probe  
  44  4:08  Probe  
  44  4:09  Dark Shrine  
  45  4:10  Pylon  
  45  4:27  Gateway  
  45  4:28  Pylon  
  45  4:29  Pylon  
  45  4:30  Warp Prism  
  47  4:35  Gateway  
  47  4:37  Pylon  
  47  4:38  Forge  
  47  4:42  Forge  
  47  4:44  Pylon  
  47  5:18  Probe x2  
  49  5:29  Protoss Ground Weapons Level 1  
  49  5:30  Probe  
  49  5:34  Zealot x2  
  54  5:41  Charge  
  54  5:48  Pylon, Dark Templar x2  
  58  5:51  Pylon  
  58  5:56  Probe x2  
  58  5:58  Immortal  
  58  6:04  Probe x2  
  66  6:13  Probe  
  66  6:14  Probe  
  66  6:16  Nexus  
  68  6:19  Pylon  
  68  6:22  Pylon, Dark Templar x2  
  72  6:37  Immortal  
  76  6:40  Gateway  
  76  6:42  Gateway  
  76  6:43  Gateway  
  76  6:56  Archon x2  
  76  7:13  Protoss Ground Armor Level 1  
  76  7:44  Zealot  
  76  7:45  Zealot x2  
  72  7:52  Probe  
  72  7:53  Probe  
  72  7:54  Probe  
  75  8:01  Probe  
  75  8:02  Probe  
  75  8:04  Observer  
  77  8:07  Zealot  
  77  8:08  Zealot x3  
  77  8:11  Probe  
  86  8:19  Pylon  
  87  8:20  Templar Archives  
  87  8:23  Probe  
  87  8:24  Pylon  
  87  8:26  Robotics Facility, Pylon  
  88  8:29  Immortal  
  88  8:34  Zealot x3  
  98  8:49  Zealot x2  
  98  8:50  Zealot x2  
  106  9:07  Zealot x3  
  105  9:15  Probe  
  105  9:16  Probe x2  
  104  9:18  Immortal  
  104  9:20  Immortal  
  112  9:28  High Templar x3  
  112  9:29  High Templar x3  
  112  9:30  High Templar  
  124  9:34  Probe  
  124  9:35  Probe x2  
  127  9:41  Protoss Ground Weapons Level 2  
  127  9:46  Probe  
  128  9:56  Nexus  
  128  9:57  Immortal  
  128  9:59  Immortal  
  128  10:12  Archon x3  
  122  10:15  Zealot x6  
  122  10:16  Zealot  
  122  10:18  Probe x3  
  139  10:22  Pylon  
  139  10:25  Pylon  
  139  10:26  Pylon  
  139  10:30  Probe x2  
  139  10:33  Probe  
  139  10:34  Pylon  
  142  10:36  Observer  
  142  10:37  Pylon  
  142  10:41  Assimilator  
  142  10:42  Photon Cannon, Probe x2  
  144  10:44  Photon Cannon  
  144  10:46  Assimilator  
  144  10:47  Photon Cannon  
  144  10:49  Shield Battery  
  144  10:50  Warp Prism  
  144  10:52  Shield Battery  
  146  11:10  Zealot x2  
  115  11:48  Observer  
  109  11:58  Warp Prism  
  109  12:00  Immortal  
  115  12:02  Zealot x4  
  115  12:03  Zealot x3  
  115  12:05  Stargate  
  115  12:06  Stargate  
  115  12:07  Protoss Ground Weapons Level 3  
  129  12:31  Gateway  
  129  12:39  Immortal  
  133  12:59  Zealot x3  
  133  13:00  Zealot x4  
  126  13:30  Nexus  
  126  13:33  Zealot x5  
  126  13:34  Zealot x2  
  138  14:00  Psionic Storm  
  126  14:10  High Templar x5  
  136  14:22  Pylon, Fleet Beacon  
  136  14:24  Pylon  
  136  14:43  Protoss Air Weapons Level 1, Probe  
  136  14:44  Probe  
  136  14:45  Probe  
  139  14:49  Stargate  
  138  14:55  Probe  
  138  14:56  Probe  
  138  14:57  Probe  
  138  14:58  Carrier x2  
  139  15:01  Graviton Catapult  
  151  15:17  Stargate  
  151  15:20  Mothership  
  159  15:33  Zealot  
  159  15:34  Zealot x5  
  159  15:35  Zealot  
  147  15:54  Carrier  
  153  16:03  Nexus  
  153  16:06  Pylon  
  153  16:07  Probe x2  
  155  16:14  Pylon  
  155  16:19  Probe x2  
  155  16:21  Carrier  
  155  16:22  Carrier  
  169  16:33  Stalker x3  
  169  16:38  Assimilator  
  175  16:48  Carrier  
  175  16:55  Protoss Air Weapons Level 2  
  181  17:19  Assimilator  
  181  17:22  Carrier  
  187  17:40  Carrier  
  186  18:02  Observer x2  
  117  19:30  Pylon  
  117  19:37  Photon Cannon x2  
  116  19:44  Photon Cannon  
  116  19:45  Photon Cannon  
  85  20:14  Shield Battery  
  85  20:19  Shield Battery  
Show
View Real Time Build Order
Export as new Build Order

Kryll Zerg 

Build Orders: Hatch First 

Get SALT Encoding   

  12  0:01  Drone  
  13  0:13  Overlord  
  13  0:19  Drone  
  14  0:33  Drone x2  
  16  0:51  Hatchery  
  16  0:55  Drone  
  16  0:57  Drone  
  17  1:13  Spawning Pool  
  17  1:14  Drone  
  17  1:20  Extractor  
  17  1:25  Drone  
  17  1:34  Drone x2  
  19  1:51  Drone  
  20  2:05  Zergling x2  
  20  2:06  Queen  
  20  2:08  Queen  
  25  2:10  Zergling x2  
  25  2:11  Zergling x2  
  27  2:25  Metabolic Boost  
  27  2:40  Overlord  
  27  2:43  Hatchery  
  26  2:56  Drone x2  
  26  2:57  Roach Warren  
  27  3:14  Drone x4  
  27  3:15  Drone  
  31  3:33  Evolution Chamber  
  30  3:37  Overlord x3  
  30  3:57  Drone x6  
  30  3:58  Drone x4  
  40  4:03  Lair  
  40  4:09  Extractor  
  39  4:12  Extractor  
  36  4:26  Overlord x2  
  36  4:29  Drone x5  
  41  4:35  Spore Crawler  
  41  4:37  Spore Crawler, Drone  
  41  4:38  Drone  
  41  4:42  Zerg Missile Weapons Level 1  
  41  4:44  Drone  
  41  4:45  Drone  
  43  5:06  Roach x5  
  49  5:13  Drone x2  
  49  5:14  Drone x2  
  48  5:31  Drone x9  
  48  5:34  Queen  
  59  5:39  Extractor  
  58  5:49  Drone x5  
  63  6:02  Overlord x3  
  63  6:13  Hatchery  
  63  6:16  Ravager x2  
  63  6:17  Ravager  
  65  6:20  Roach  
  65  6:22  Roach x4  
  65  6:23  Roach  
  77  6:28  Drone x3  
  77  6:32  Queen  
  82  6:39  Overlord x3  
  82  6:56  Zergling x4  
  84  7:02  Pneumatized Carapace  
  84  7:04  Drone x10  
  94  7:17  Hatchery  
  94  7:18  Hydralisk Den  
  80  7:54  Extractor  
  80  7:56  Extractor  
  80  7:58  Drone x3  
  81  8:06  Grooved Spines  
  81  8:07  Hydralisk x9  
  81  8:08  Hydralisk  
  103  8:27  Roach x5  
  103  8:31  Overlord x3  
  103  8:34  Drone, Queen  
  112  8:38  Drone x6  
  112  8:39  Drone x5  
  83  9:17  Muscular Augments  
  83  9:20  Roach  
  83  9:21  Roach x12  
  101  9:27  Extractor x2  
  101  9:31  Overlord x3  
  97  9:38  Zergling x2  
  94  9:39  Zergling x8  
  98  9:53  Spine Crawler  
  98  9:56  Hatchery  
  88  10:08  Drone x3  
  90  10:19  Queen  
  90  10:20  Hydralisk x9  
  110  10:30  Overlord x2  
  110  10:37  Infestation Pit  
  110  10:38  Drone  
  110  10:39  Drone  
  110  10:41  Glial Reconstitution  
  111  10:43  Zergling x10  
  111  10:44  Zergling x24  
  128  11:16  Hydralisk  
  128  11:17  Hydralisk x12  
  124  11:37  Roach  
  124  11:38  Roach x14  
  144  11:56  Drone x3  
  144  11:57  Queen  
  149  12:01  Hive  
  149  12:12  Lurker Den  
  148  12:17  Spire  
  148  12:18  Drone x2  
  149  12:28  Hydralisk x6  
  149  12:29  Hydralisk  
  163  12:32  Zergling x16  
  163  12:33  Zergling x16  
  179  12:40  Overlord  
  179  12:41  Overlord  
  179  12:42  Drone  
  157  13:17  Zergling x2  
  157  13:18  Zergling x44  
  170  13:28  Spine Crawler x2  
  170  13:32  Spore Crawler  
  167  13:35  Drone  
  167  13:36  Drone, Spine Crawler  
  167  13:37  Spine Crawler  
  167  13:38  Spine Crawler  
  167  13:41  Extractor, Adaptive Talons  
  166  13:43  Extractor  
  162  13:59  Corruptor x3  
  166  14:12  Greater Spire  
  166  14:21  Hatchery  
  165  14:25  Spine Crawler  
  165  14:26  Spine Crawler  
  165  14:28  Spore Crawler  
  162  14:42  Zerg Missile Weapons Level 2  
  162  14:47  Evolution Chamber  
  162  14:50  Overlord  
  161  15:04  Overlord  
  161  15:09  Overseer  
  161  15:11  Hatchery, Roach  
  161  15:12  Roach x4  
  116  15:49  Roach x10  
  118  15:50  Roach x3  
  118  16:04  Adrenal Glands  
  118  16:09  Zerg Ground Armor Level 1  
  118  16:11  Hydralisk, Drone  
  118  16:16  Brood Lord  
  123  16:22  Drone x2  
  123  16:23  Drone  
  126  16:27  Drone  
  126  16:28  Drone x2  
  126  16:30  Drone  
  130  16:42  Zerg Flyer Armor Level 1  
  130  16:44  Lurker  
  131  16:47  Ravager  
  132  16:55  Hydralisk  
  132  16:56  Hydralisk x6  
  146  17:03  Brood Lord  
  146  17:06  Brood Lord  
  146  17:07  Drone  
  151  17:17  Drone x2  
  151  17:18  Drone  
  154  17:30  Lurker  
  154  17:31  Lurker x5  
  158  18:17  Spine Crawler  
  158  18:19  Hydralisk, Spine Crawler  
  133  18:20  Hydralisk x19  
  129  18:59  Zergling x2  
  129  19:00  Zergling x38  
  129  19:01  Zergling x16  
  141  19:04  Lurker x4  
  141  19:05  Lurker  
  141  19:09  Spore Crawler  
  141  19:11  Spore Crawler  
  141  19:17  Spore Crawler  
  135  19:27  Spore Crawler x2  
  115  19:48  Zergling x32  
  115  19:49  Zergling x2  
  116  20:19  Spore Crawler x2  
  116  20:20  Spore Crawler x2  
  100  20:23  Drone x3  
  100  20:24  Drone x7  
  100  20:25  Drone x2  
  97  20:39  Hydralisk  
  97  20:40  Hydralisk x3  
  79  21:22  Drone x4  
  54  21:52  Drone x3  
  24  22:13  Drone x8  
Tags
 
Add a new tag
Caveats
  • Supply blocks, unpowered buildings, or Contaminate may cause inaccurate times.
  • Supply counts are checked every 10 seconds.